 Dungeon Crawl Stone Soup version 0.22-b1-21-g5cfc168 (webtiles) character file.

14 letownia2 the Insei (level 2, -2/21 HPs)
             Began as a Demonspawn Transmuter on Aug 3, 2018.
             Slain by an adder (4 damage)
             ... on level 3 of the Dungeon.
             The game lasted 00:01:07 (308 turns).

letownia2 the Insei (Demonspawn Transmuter)          Turns: 308, Time: 00:01:09

Health: -2/21      AC:  2    Str: 10    XL:     2   Next: 27%
Magic:  2/5        EV: 12    Int: 14    God:
Gold:   70         SH:  0    Dex: 13    Spells: 2/5 levels left

rFire    . . .     SeeInvis .     - Unarmed
rCold    . . .     Gourm    .   (no shield)
rNeg     . . .     Faith    .   b - +0 robe
rPois    .         Spirit   .   (no helmet)
rElec    .         Reflect  .   (no cloak)
rCorr    .         Harm     .   (no gloves)
MR       .....                  (boots currently unavailable)
Stlth    +.........             (no amulet)
HPRegen  0.07/turn              (no ring)
MPRegen  0.09/turn              (no ring)

@: lethally poisoned (-2 -> -9), appendage (expiring)
A: talons 3, demonic guardian 1
a: End Transformation


You were on level 3 of the Dungeon.
You were not hungry.
You had grown temporary talons.
You visited 1 branch of the dungeon, and saw 3 of its levels.

You collected 70 gold pieces.

Inventory:

Missiles
 a - 11 arrows
Armour
 b - a +0 robe (worn)
Scrolls
 c - a scroll of random uselessness {unknown}
 f - a scroll of identify {unknown}
 i - a scroll of fear {unknown}
Potions
 e - a potion of lignification {unknown}
 g - a potion of resistance {unknown}
 h - 2 potions of degeneration {unknown}
Comestibles
 d - a ration


   Skills:
 - Level 1.0 Fighting
 - Level 1.7 Dodging
 + Level 3.4 Unarmed Combat
 - Level 2.0 Spellcasting
 - Level 1.7 Transmutations


You had 2 spell levels left.
You knew the following spells:

 Your Spells              Type           Power        Failure   Level  Hunger
a - Beastly Appendage     Tmut           #.....       12%         1    ##.....
l - Sticks to Snakes      Tmut           #.......     17%         2    ###....

Your spell library contained the following spells:

 Spells                   Type           Power        Failure   Level  Hunger
 Spider Form              Tmut/Pois      #.........   45%         3    ####...
 Blade Hands              Tmut           #.........   97%         5    ######.
 Ice Form                 Ice/Tmut       #.......     86%         4    #####..


Dungeon Overview and Level Annotations

Branches:
Dungeon (3/15)

Altars:


Innate Abilities, Weirdness & Mutations

A weak demonic guardian rushes to your aid.
You have claws for feet.


Message History

You closely miss the adder. The adder bites you.
* * * LOW HITPOINT WARNING * * *
You barely miss the adder. The adder closely misses you.
The adder bites you but does no damage.
You closely miss the adder.
Your transformation is almost over.
The adder barely misses you.
You hit the adder.
The adder is lightly wounded.
The adder closely misses you.
You miss the adder.
The adder is lightly wounded.
The adder barely misses you.
You hit the adder. You claw the adder, but do no damage.
The adder is heavily wounded.
The adder bites you.
* * * LOW HITPOINT WARNING * * *
You are lethally poisoned!
The adder poisons you! The adder bites you.
You die...

####.#..#.##.##########.
#.......#.##.# #.
#...........)#### #. ###
#.##.#..#.#.....# #.
...#.##....#.#.....# ..
......#.##.......#
.#.##.#.####.....#
#..†.....##.....#
#.##.##@.######## #
#..###S# #.## ≈# .$ ≈#
... ≈# .... ≈# ..... ≈#
≈#


You could see an adder.

Vanquished Creatures
  A giant cockroach (D:2)
  A goblin (D:3)
  3 hobgoblins
  2 bats (D:1)
  A frilled lizard (D:2)
  2 kobolds (D:1)
  4 rats
14 creatures vanquished.

Notes
Turn   | Place    | Note
-------+----------+-------------------------------------------
     0 | D:1      | letownia2 the Demonspawn Transmuter began the quest for the Orb.
     0 | D:1      | Reached XP level 1. HP: 15/15 MP: 3/3
   144 | D:1      | Reached skill level 3 in Unarmed Combat
   222 | D:2      | Gained mutation: A weak demonic guardian rushes to your aid. [demonic ancestry]
   222 | D:2      | Reached XP level 2. HP: 12/21 MP: 3/5
   297 | D:3      | Learned a level 2 spell: Sticks to Snakes
   308 | D:3      | Slain by an adder

Skill      XL: |  1 |
---------------+----+-----
Unarmed Combat | 3 |  3.4
Fighting       | |  1.0
Dodging        | |  1.7
Spellcasting   | |  2.0
Transmutations | |  1.7

Action                   || total
-------------------------++-------
Melee: Unarmed           ||    42
       Kick              ||     2
       Headbutt          ||     1
 Cast: Beastly Appendage ||     9
       Sticks to Snakes  ||     1
Armor: Robe              ||    11
Dodge: Dodged            ||    16
